 Dungeon Crawl Stone Soup version 0.30-a0-4-ga7cffc901d (webtiles) character file.

Game seed: 13269201045834092326

249 siradein the Trooper (level 6, -1/56 HPs)
             Began as a Hill Orc Fighter on Aug 20, 2022.
             Killed by nerve-wracking pain
             ... invoked by Grinder
              (10 damage)
             ... on level 4 of the Dungeon on Aug 21, 2022.
             The game lasted 00:04:17 (2601 turns).

siradein the Trooper (Hill Orc Fighter)             Turns: 2601, Time: 00:04:18

Health: -1/56      AC:  9    Str: 19    XL:     6   Next: 12%
Magic:  0/6        EV: 10    Int: 16    God:
Gold:   139        SH:  4    Dex: 10    Spells: 5/5 levels left

rFire   . . .      SeeInvis .    a - +0 war axe
rCold   . . .      Faith    .    c - +0 buckler
rNeg    . . .      Spirit   +    r - +3 leather armour
rPois   .          Reflect  .    q - +0 helmet
rElec   .          Harm     .    (no cloak)
rCorr   .          Rampage  .    l - +0 pair of gloves
Will    .....                    (no boots)
Stlth   +.........               n - amulet of guardian spirit
HPRegen 0.18/turn                s - +6 ring of intelligence
MPRegen 0.10/turn                (no ring)

@: no status effects
A: no striking features
a: no special abilities


You were on level 4 of the Dungeon.
You visited 1 branch of the dungeon, and saw 4 of its levels.

You collected 139 gold pieces.

Inventory:

Hand Weapons
 a - a +0 war axe (weapon)
Armour
 c - a +0 buckler (worn)
 l - a +0 pair of gloves (worn)
 q - a +0 helmet (worn)
 r - a +3 leather armour (worn)
Jewellery
 n - an amulet of guardian spirit (around neck)
 s - a +6 ring of intelligence (left hand)
 t - a +6 ring of dexterity
Scrolls
 g - 6 scrolls of immolation {unknown}
 j - 2 scrolls of poison {unknown}
 k - 3 scrolls of identify {unknown}
 m - a scroll of acquirement {unknown}
 o - 2 scrolls of blinking {unknown}
 u - a scroll of noise {unknown}
Potions
 b - a potion of brilliance {unknown}
 d - a potion of might
 e - a potion of lignification {unknown}
 f - a potion of flight {unknown}
 h - a potion of mutation {unknown}
 i - 2 potions of degeneration {unknown}
 p - a potion of heal wounds {unknown}


   Skills:
 + Level 5.2 Fighting
 + Level 5.0 Axes
 + Level 4.8 Armour
 - Level 4.0 Shields


You had 5 spell levels left.
You didn't know any spells.
Your spell library was empty.

Dungeon Overview and Level Annotations

Branches:
Dungeon (4/15)
 Temple: D:4-7

Altars:

Shops:
D:2 =

Annotations:
D:4 Grinder


Message History

Grinder gestures at you.
You suddenly lose the ability to move!
Grinder completely misses you. Grinder hits you!
You writhe in agony.
Grinder hits you!
You writhe in agony.
You can move again.
Unknown command.
Unknown command.
You hit Grinder.
Grinder is severely wounded.
You block Grinder's attack.
You slash Grinder!
Grinder is almost dead.
Grinder blinks!
You barely miss Grinder.
Grinder is almost dead.
A ball python comes into view.
Grinder gestures at you.
You suddenly lose the ability to move!
Grinder says, "What is the universe for?"
Grinder hits you!
* * * LOW HITPOINT WARNING * * *
You writhe in agony.
* * * LOW HITPOINT WARNING * * *
The ball python hisses angrily.
Grinder hits you but does no damage.
Grinder blinks!
The ball python bites you but does no damage.
The ball python grabs you. The ball python constricts you.
You can move again.
You escape the ball python's grasp.
You slash the ball python!
You kill the ball python!
Grinder gestures at you.
You barely resist. You hit Grinder but do no damage.
Grinder is almost dead.
Grinder gestures at you. Pain shoots through your body!
You die...

#........# ... ### ..#+#
#........##'####.#####....
##............#......#....
.'............#......#....
#............#......#....
#............#......#....
#......##########'###....
##......###...##.......###
........5@.....#.......#..
............†..'.......#..
...............#......(#..
##..##..########.....†)###
#.. #### .......#'##..
#....... .......#.....
#...... .......+.....
#.... . .......#.....
#...# .# .......####'#


You could see Grinder.

Vanquished Creatures
  The ghost of drpainis the Magician, an amateur SpSu (D:3)
  A scorpion (D:4)
  2 adders
  A river rat (D:3)
  A worm (D:2)
  5 dart slugs
  An orc (D:3)
  3 endoplasms (D:2)
  2 giant cockroaches
  A goblin (D:1)
  5 hobgoblins
  5 quokkas
  7 ball pythons
  5 bats
  2 frilled lizards
  8 kobolds
  3 rats
53 creatures vanquished.

Notes
Turn   | Place    | Note
-------+----------+-------------------------------------------
     0 | D:1      | siradein the Hill Orc Fighter began the quest for the Orb.
     0 | D:1      | Reached XP level 1. HP: 19/19 MP: 1/1
   199 | D:1      | Reached XP level 2. HP: 27/27 MP: 2/2
   651 | D:2      | Reached XP level 3. HP: 33/33 MP: 3/3
   747 | D:2      | Found Toikal Deav's Jewellery Boutique.
  1527 | D:3      | Found a runed translucent door.
  1551 | D:3      | Found a runed translucent door.
  1553 | D:3      | Noticed drpainis's ghost (amateur SpSu)
  1680 | D:3      | Reached XP level 4. HP: 36/40 MP: 4/4
  2200 | D:3      | Killed drpainis's ghost
  2201 | D:3      | Reached XP level 5. HP: 40/47 MP: 5/5
  2306 | D:4      | Noticed Grinder
  2385 | D:4      | Reached skill level 5 in Fighting
  2385 | D:4      | Reached XP level 6. HP: 37/56 MP: 6/6
  2532 | D:4      | Reached skill level 5 in Axes
  2581 | D:4      | Paralysed by Grinder for 3 turns
  2589 | D:4      | Paralysed by Grinder for 4 turns
  2595 | D:4      | Paralysed by Grinder for 4 turns
  2601 | D:4      | Killed from afar by Grinder

Illustrated notes

Levels and vault maps discovered:
D:1:      minmay_arrival_checkered_box, layout_rooms
D:2:      minmay_door_path, layout_loops_ring, serial_shops, shop
D:3:      layout_loops_ring, ebering_ghost_sewer_f,
          chequers_serial_rivers_small_3, kennysheep_generic_room_12
D:4:      layout_gridville, mainiacjoe_overflow_surrounded_room, serial_shops,
          nicolae_diamond_shop, uniq_grinder

Skill      XL: |  1  2  3  4  5  6 |
---------------+-------------------+-----
Axes           | 3 4 5 |  5.0
Fighting       | 4 5 |  5.2
Shields        | 4 |  4.0
Armour         | 4 |  4.8

Action                   |  1- 3 |  4- 6 || total
-------------------------+-------+-------++-------
Melee: War axe           |    99 |    60 ||   159
Armor: Scale mail        |    63 |     8 ||    71
       Leather armour    |       |    19 ||    19
Dodge: Dodged            |    40 |    32 ||    72
Block: Buckler           |    19 |    14 ||    33

Table legend: (Time is in decaauts)
 A = Elapsed time spent in this place.
 B = Non-inter-level travel time spent in this place.
 C = Inter-level travel time spent in this place.
 D = Time resting spent in this place.
 E = Time spent auto-exploring this place.
 F = Levels seen in this place.
 G = Mean time per level.
                   A        B        C        D        E       F      G
               +--------+--------+--------+--------+--------+-----+--------+
         Total |   2670 |   2528 |    142 |      2 |   2039 |   4 |  667.5 |
       Dungeon |   2670 |   2528 |    142 |      2 |   2039 |   4 |  667.5 |
               +--------+--------+--------+--------+--------+-----+--------+

Top non-repeatable levels by time:
     D:2: 979 daAuts
     D:3: 915 daAuts
     D:1: 490 daAuts
     D:4: 284 daAuts
